 Dungeon Crawl Stone Soup version 0.30-a0-50-gb2d611f6b1 (webtiles) character file.

Game seed: 18284106114113311689

27735 timneilson the Blocker (level 13, -1/80 HPs)
             Began as a Gargoyle Fighter on Sept 3, 2022.
             Was a High Priest of Okawaru.
             Killed from afar by a raiju (6 damage)
             ... with a living lightning
             ... on level 3 of the Abyss.
             The game lasted 00:35:13 (14935 turns).

timneilson the Blocker (Gargoyle Fighter)          Turns: 14935, Time: 00:35:14

Health: -1/80      AC: 37    Str: 24    XL:     13   Next: 34%
Magic:  10/16      EV:  8    Int: 10    God:    Okawaru [*****.]
Gold:   1045       SH: 13    Dex: 12    Spells: 12/12 levels left

rFire   + . .      SeeInvis +    F - +4 double sword (vorpal)
rCold   + . .      Faith    .    E - +1 kite shield
rNeg    + + +      Spirit   .    x - +2 plate armour {rF+}
rPois   ∞          Reflect  .    l - +2 hat
rElec   +          Harm     .    v - +4 cloak of Xom, Hammering {Dex+3}
rCorr   .          Rampage  .    n - +1 pair of gloves {infuse}
Will    +....                    (no boots)
Stlth   ..........               a - amulet of the acrobat
HPRegen 0.23/turn                D - ring of see invisible
MPRegen 0.15/turn                j - ring "Dustric" {Fly rC+ rN++ Will+}

@: flying, hasted, very quick
A: sickness immunity, AC +9, negative energy resistance 1, electricity
resistance, torment resistance 1, petrification resistance
a: Renounce Religion, Heroism, Finesse, Duel


You were on level 3 of the Abyss.
You worshipped Okawaru.
Okawaru was extremely pleased with you.
You visited 3 branches of the dungeon, and saw 15 of its levels.
You visited the Abyss 1 time.
You also visited: Ossuary and Gauntlet.

You collected 1045 gold pieces.

Inventory:

Hand Weapons
 F - a +4 vorpal double sword (weapon)
 G - a +4 scimitar of flaming
Missiles
 p - a throwing net (quivered)
Armour
 l - a +2 hat (worn)
 n - a +1 pair of gloves of infusion (worn)
 v - the +4 cloak of Xom, Hammering (worn) {Dex+3}
   (You acquired it in an ossuary)

   Dex:       It affects your dexterity (+3).
 x - a +2 plate armour of fire resistance (worn)
 E - a +1 kite shield (worn)
 I - the +1 pair of gloves "Odonoppy" {rC+ Dex-5 SInv}
   (Okawaru gifted it to you on level 3 of the Abyss)

   Dex:       It affects your dexterity (-5).
   rC:        It protects you from cold.
   SInv:      It lets you see invisible.
Jewellery
 a - an amulet of the acrobat (around neck)
 c - a ring of fire
 j - the ring "Dustric" (right hand) {Fly rC+ rN++ Will+}
   (You took it off a minotaur in a Gauntlet)

   [ring of flight]

   rC:        It protects you from cold.
   rN:        It greatly protects you from negative energy.
   Fly:       It grants you flight.
   Will:      It increases your willpower.
 D - a ring of see invisible (left hand)
 J - the ring "Zighibbett" {Ice Str+3 Int+4 Stlth-}
   (You found it in a Gauntlet)

   [ring of ice]

   It enhances your ice magic.
   Str:       It affects your strength (+3).
   Int:       It affects your intelligence (+4).
   rF:        It makes you vulnerable to fire.
   rC:        It protects you from cold.
   Stlth:     It makes you less stealthy.
 L - a ring of protection from cold
 M - an amulet of guardian spirit
Wands
 i - a wand of flame (54)
 C - a wand of roots (20)
 H - a wand of paralysis (10)
Scrolls
 b - 2 scrolls of poison
 k - 3 scrolls of immolation
 q - 3 scrolls of teleportation
 s - 2 scrolls of silence
 w - 4 scrolls of amnesia
 y - a scroll of fear
 K - a scroll of enchant armour
 N - a scroll of blinking
Potions
 d - 10 potions of might
 e - 5 potions of brilliance
 f - 3 potions of flight
 g - 2 potions of magic
 h - a potion of berserk rage
 m - 4 potions of curing
 o - 2 potions of attraction
 r - 3 potions of cancellation
 t - a potion of lignification {unknown}
 u - a potion of invisibility {unknown}
 z - a potion of ambrosia
 A - 4 potions of mutation


   Skills:
 + Level 8.8 Fighting
 * Level 9.9 Long Blades
 * Level 11.9 Armour
 + Level 6.0 Dodging
 * Level 12.1 Shields
 + Level 5.1 Invocations
 + Level 5.9 Evocations


You had 12 spell levels left.
You didn't know any spells.
Your spell library contained the following spells:

 Spells                   Type           Power      Damage    Failure   Level
 Freeze                   Ice            0%         1d3       100%        1
 Slow                     Hex            0%         N/A       100%        1
 Sting                    Tmut/Pois      0%         1d3       100%        1
 Ensorcelled Hibernation  Hex/Ice        0%         N/A       100%        2
 Passwall                 Tmut/Erth      0%         N/A       100%        2
 Poisonous Vapours        Pois/Air       0%         N/A       100%        2
 Confusing Touch          Hex            0%         N/A       100%        3
 Frozen Ramparts          Ice            0%         1d1       100%        3
 Gell's Gravitas          Tloc           0%         N/A       100%        3
 Lesser Beckoning         Tloc           0%         N/A       100%        3
 Stone Arrow              Conj/Erth      0%         3d7       100%        3
 Swiftness                Air            0%         N/A       100%        3
 Teleport Other           Tloc           0%         N/A       100%        3
 Vampiric Draining        Necr           0%         2d6       100%        3
 Corpse Rot               Necr/Pois/Air  0%         N/A       100%        4
 Dispel Undead            Necr           0%         3d6       100%        4
 Hailstorm                Conj/Ice       0%         3d3       100%        4
 Olgreb's Toxic Radiance  Pois           0%         N/A       100%        4
 Passage of Golubria      Tloc           0%         N/A       100%        4
 Silence                  Hex/Air        0%         N/A       100%        5
 Enfeeble                 Hex            0%         N/A       100%        7
 Lehudib's Crystal Spear  Conj/Erth      0%         10d2      100%        8
 Animate Armour           Summ/Erth      Unusable   N/A       N/A         4
 Summon Mana Viper        Hex/Summ       Unusable   N/A       N/A         5
 Death Channel            Necr           Unusable   N/A       N/A         6

Dungeon Overview and Level Annotations

Branches:
Dungeon (12/15)            Temple (1/1) D:7            Lair (2/5) D:10
Ossuary (visited)         Gauntlet (visited)
  Swamp: Lair:2-3    Shoals: Lair:2-3     Snake: Lair:2-3    Spider: Lair:2-3
    Orc: D:9-12

Altars:
Ashenzari
Cheibriados
Dithmenos
Elyvilon
Fedhas
Gozag
Hepliaklqana
Kikubaaqudgha
Makhleb
Nemelex Xobeh
Okawaru
Qazlal
Ru
Sif Muna
Trog
Uskayaw
Vehumet
Wu Jian
Xom
Yredelemnul
Zin
The Shining One

Shops:
D:4 *   D:5 *

Annotations:
Lair:2 Sonja


Innate Abilities, Weirdness & Mutations

You are immune to sickness and miasma.
Your stone body is resilient. (AC +9)
You are immune to poison.
You resist negative energy. (rN+)
You are resistant to electric shocks. (rElec)
You are resistant to unholy torment.
You are immune to petrification.


Message History

The raiju bites you but does no damage.
The raiju bursts into living lightning!
The living lightning hits you but does no damage.
The living lightning misses the raiju.
The living lightning hits the raiju.
The raiju completely resists.
The raiju blinks! x3
You slash the raiju!
You kill the raiju!
Okawaru accepts your kill. You block the raiju's attack.
The raiju bursts into living lightning!
The living lightning hits the raiju.
The raiju completely resists.
The living lightning hits the raiju.
The raiju completely resists.
The living lightning hits the raiju.
The raiju completely resists.
The living lightning misses you.
The raiju blinks! x4
You feel the corruption within you wane completely.
Your urge to shout disappears.
You slash the small abomination!
The small abomination is moderately damaged.
The small abomination hits you but does no damage.
You block the raiju's attack.
Unknown command.
You slash the small abomination!
The small abomination is severely damaged.
You block the small abomination's attack.
Unknown command.
You slash the small abomination!
You destroy the small abomination!
Okawaru accepts your kill. The hell hound breathes flames at you.
The blast of flame hits you but does no damage.
The raiju bursts into living lightning!
The living lightning hits the raiju.
The raiju completely resists.
The living lightning misses you.
The raiju blinks! x2
The raiju bites you but does no damage.
You miss the raiju. You block the raiju's attack. x2
The raiju bursts into living lightning!
The living lightning hits the raiju.
The raiju completely resists.
The living lightning hits the raiju.
The raiju completely resists.
The living lightning hits you. You resist.
You die...

# # # . . #
. . . ...#
#. # #
..##.# # #.
. # .... .
# .# ##....
# # # .
hh.# # ####
##h # # .
#h##.
.#@#..#
.##h#..#
#hh. # ##..
.....§..
.....#. ..
##...##...#
#.## ..# ..
...


You could see 6 raiju and a hell hound (catching breath).

Vanquished Creatures
  A minotaur (Gauntlet)
  Josephine (D:12)
  A hydra (Lair:1)
  A boulder beetle (D:11)
  2 two-headed ogres
  Erica (D:8)
  A thrashing horror (Abyss:3)
  A wretched star (Abyss:3)
  A deep elf pyromancer (D:7)
  2 cyclopes (D:11)
  An ugly thing (D:7)
  The ghost of SirDiesAlot the Cudgeller, a novice OgGl of Trog (D:4)
  Joseph (D:9)
  A torpor snail (Lair:1)
  A black mamba (Lair:1)
  A smoke demon (Abyss:3)
  A cane toad (Lair:1)
  The ghost of timneilson the Covered, a novice GrFi of Okawaru (D:5)
  5 komodo dragons
  6 trolls
  2 polar bears (D:8)
  2 raiju (Abyss:3)
  2 dream sheep (Lair:1)
  3 blink frogs (Lair:1)
  A slime creature (D:12)
  A shadow (D:11)
  3 wyverns
  6 wraiths
  21 yaks
  2 basilisks (Lair:1)
  6 steam dragons
  3 vampire mosquitoes (D:10)
  A hell hound (Abyss:3)
  11 water moccasins
  6 orc warriors
  3 small abominations (Abyss:3)
  3 sky beasts
  5 ice beasts
  2 ogres
  A black bear (D:6)
  4 wolves (Lair:1)
  4 centaurs
  A phantom (D:5)
  3 kobold brigands
  7 bullfrogs
  4 gnoll sergeants
  A necrophage (D:8)
  11 scorpions
  19 wights
  An electric eel (D:8)
  8 howler monkeys
  4 jellies
  9 orc priests
  2 wyvern simulacra (D:8)
  2 gnoll boudas
  6 hounds
  Ijyb (D:5)
  5 iguanas
  8 orc wizards
  8 mummies (Ossuary)
  28 gnolls
  7 adders
  A shadow imp (D:7)
  6 white imps
  A howler monkey simulacrum (D:8)
  2 ufetubi
  A worm (D:4)
  4 dart slugs
  33 orcs
  9 ball pythons
  6 bats
  8 endoplasms
  2 giant cockroaches
  7 goblins
  8 hobgoblins
  6 quokkas
  3 frilled lizards
  A gnoll zombie (Ossuary)
  3 hobgoblin zombies (Ossuary)
  18 kobolds
  2 kobold zombies (Ossuary)
  2 orc zombies (Ossuary)
  A quokka zombie (D:5)
  2 rats (D:1)
  A rat zombie (D:5)
385 creatures vanquished.

Vanquished Creatures (others)
  A human (D:10)
  2 fungi (Lair:1)
  13 plants
16 creatures vanquished.

Grand Total: 401 creatures vanquished

Notes
Turn   | Place    | Note
-------+----------+-------------------------------------------
     0 | D:1      | timneilson the Gargoyle Fighter began the quest for the
                  | Orb.
     0 | D:1      | Reached XP level 1. HP: 14/14 MP: 1/1
   356 | D:1      | Reached XP level 2. HP: 18/19 MP: 2/2
   715 | D:1      | Reached XP level 3. HP: 23/23 MP: 3/3
  1203 | D:2      | Reached skill level 4 in Shields
  1604 | D:3      | Reached XP level 4. HP: 28/28 MP: 4/4
  1620 | D:3      | Found a shimmering blue altar of Sif Muna.
  2321 | D:4      | Found a glowing golden altar of the Shining One.
  2515 | D:4      | Noticed a scorpion
  2521 | D:4      | Killed a scorpion
  2522 | D:4      | Reached skill level 1 in Dodging
  2522 | D:4      | Reached XP level 5. HP: 33/33 MP: 5/5
  2562 | D:4      | Found Xaobacump's General Store.
  2761 | D:4      | Noticed an ogre
  2776 | D:4      | Reached XP level 6. HP: 22/38 MP: 6/6
  2781 | D:4      | Reached skill level 5 in Shields
  3079 | D:4      | Found a runed translucent gate.
  3079 | D:4      | Found a runed translucent gate.
  3079 | D:4      | Found a runed translucent gate.
  3081 | D:4      | Noticed SirDiesAlot's ghost (novice OgGl)
  3363 | D:5      | Entered Level 5 of the Dungeon
  3363 | D:5      | Found Jearits's Assorted Antiques.
  3401 | D:5      | Reached XP level 7. HP: 34/43 MP: 7/7
  3406 | D:5      | Reached skill level 5 in Armour
  3420 | D:5      | Found a runed translucent gate.
  3420 | D:5      | Found a runed translucent gate.
  3420 | D:5      | Found a runed translucent gate.
  3420 | D:5      | Identified the +1 chain mail of the Teacher {rF+ rN+ Int+6}
  3420 | D:5      | Noticed timneilson's ghost (novice GrFi)
  3465 | D:5      | Found a sand-covered staircase.
  3481 | Ossuary  | Entered an ossuary
  3820 | Ossuary  | Identified a scroll of acquirement
  3820 | Ossuary  | Acquired the +4 cloak of Xom, Hammering {Dex+3}
  3988 | D:5      | Found a shadowy altar of Dithmenos.
  3996 | D:5      | Reached skill level 6 in Shields
  3996 | D:5      | Reached XP level 8. HP: 48/48 MP: 8/8
  4098 | D:5      | Noticed Ijyb
  4103 | D:5      | Killed Ijyb
  4691 | D:6      | Reached skill level 5 in Fighting
  4787 | D:6      | Reached skill level 1 in Evocations
  4796 | D:6      | Reached skill level 5 in Long Blades
  4854 | D:6      | Reached skill level 7 in Shields
  4854 | D:6      | Reached XP level 9. HP: 54/54 MP: 9/9
  5232 | D:6      | Found a blossoming altar of Fedhas.
  5771 | D:7      | Noticed a troll
  5771 | D:7      | Noticed a green ugly thing
  5771 | D:7      | Noticed a troll
  5771 | D:7      | Noticed a komodo dragon
  5771 | D:7      | Noticed a troll
  5797 | D:7      | Killed a troll
  5804 | D:7      | Reached skill level 8 in Shields
  5807 | D:7      | Killed a troll
  5815 | D:7      | Killed a green ugly thing
  5816 | D:7      | Reached XP level 10. HP: 23/60 MP: 10/10
  5819 | D:7      | HP: 1/60 [iguana (4)]
  5837 | D:7      | Noticed a two-headed ogre
  6091 | D:7      | Found a staircase to the Ecumenical Temple.
  6124 | Temple   | Entered the Ecumenical Temple
  6289 | Temple   | Became a worshipper of Warmaster Okawaru
  6325 | D:7      | Found the +6 lightning scales {swift, rElec}
  6335 | D:7      | Noticed a deep elf pyromancer
  6345 | D:7      | Killed a deep elf pyromancer
  6635 | D:7      | Reached * piety under Okawaru
  6721 | D:7      | Killed a two-headed ogre
  6722 | D:7      | Reached skill level 9 in Shields
  6911 | D:7      | Found a burning altar of Makhleb.
  7112 | D:7      | Reached ** piety under Okawaru
  7485 | D:7      | Reached XP level 11. HP: 60/66 MP: 11/11
  7725 | D:8      | Reached skill level 1 in Invocations
  7859 | D:8      | Found a hide-covered altar of Uskayaw.
  7906 | D:8      | Acquired a +3 vorpal double sword
  7971 | D:8      | Noticed Erica
  7982 | D:8      | Killed Erica
  7982 | D:8      | Reached *** piety under Okawaru
  8013 | D:8      | Found a glowing silver altar of Zin.
  8723 | D:4      | Killed SirDiesAlot's ghost
  8835 | D:5      | Killed timneilson's ghost
  8836 | D:5      | Reached skill level 10 in Shields
  9007 | D:9      | Noticed Joseph
  9016 | D:9      | Killed Joseph
  9121 | D:9      | Reached **** piety under Okawaru
  9413 | D:9      | Reached skill level 10 in Armour
  9914 | D:10     | Entered Level 10 of the Dungeon
 10104 | D:9      | Reached skill level 5 in Dodging
 10570 | D:9      | Reached ***** piety under Okawaru
 10571 | D:9      | Reached XP level 12. HP: 73/73 MP: 9/14
 10958 | D:10     | Found a staircase to the Lair.
 11222 | D:10     | Found an ancient bone altar of Kikubaaqudgha.
 11258 | D:10     | Found a sparkling altar of Nemelex Xobeh.
 11341 | D:11     | Identified the +1 pair of boots of timneilson's Tenacity
                  | {-Cast Harm +Inv Stlth-} (Okawaru gifted it to you on level
                  | 11 of the Dungeon)
 11341 | D:11     | Received a gift from Okawaru
 11342 | D:11     | Reached skill level 5 in Evocations
 11453 | D:11     | Noticed a boulder beetle
 11476 | D:11     | Killed a boulder beetle
 11576 | D:11     | Reached skill level 11 in Shields
 11866 | D:11     | Noticed a two-headed ogre
 11880 | D:11     | Killed a two-headed ogre
 12199 | D:11     | Found a radiant altar of Vehumet.
 12588 | D:12     | Noticed Josephine
 12692 | D:12     | Killed Josephine
 12739 | Lair:1   | Entered Level 1 of the Lair of Beasts
 12751 | Lair:1   | Found a gate leading to a gauntlet.
 12792 | Gauntlet | Entered a Gauntlet
 12792 | Gauntlet | Found a transporter.
 12893 | Gauntlet | Found a transporter.
 12894 | Gauntlet | Found a transporter.
 12895 | Gauntlet | Found a transporter.
 12896 | Gauntlet | Noticed a soul eater
 12902 | Gauntlet | Found a transporter.
 12905 | Gauntlet | Found a transporter.
 12906 | Gauntlet | Found a transporter.
 12918 | Gauntlet | Found a transporter.
 12919 | Gauntlet | Found a transporter.
 12919 | Gauntlet | Found a transporter.
 12924 | Gauntlet | Noticed a blizzard demon
 12927 | Gauntlet | Found a transporter.
 12930 | Gauntlet | Found a transporter.
 12931 | Gauntlet | Found a transporter.
 12942 | Gauntlet | Found a transporter.
 13043 | Gauntlet | Identified the ring "Dustric" {Fly rC+ rN++ Will+}
 13043 | Gauntlet | Noticed a minotaur
 13065 | Gauntlet | Killed a minotaur
 13069 | Gauntlet | Identified the +0 acid dragon scales of the Morning Star
                  | {*Slow rPois rCorr MP-9 Int+9}
 13069 | Gauntlet | Identified the +8 rapier "Jadgh" {holy, rF- rC+ Int+5}
 13070 | Gauntlet | Got Iklomia's Handbook of Guile
 13072 | Gauntlet | Identified the ring "Zighibbett" {Ice Str+3 Int+4 Stlth-}
 13077 | Gauntlet | Identified the +1 ring mail "Hifiun Qauhu" {rPois Will+
                  | rCorr}
 13476 | Lair:1   | Reached XP level 13. HP: 79/79 MP: 12/16
 14411 | Lair:2   | Noticed Sonja
 14776 | Abyss:2  | Cast into level 2 of the Abyss (Sonja)
 14866 | Abyss:3  | Reached skill level 12 in Shields
 14888 | Abyss:3  | Reached skill level 5 in Invocations
 14896 | Abyss:3  | Identified the +1 pair of gloves "Odonoppy" {rC+ Dex-5
                  | SInv} (Okawaru gifted it to you on level 3 of the Abyss)
 14896 | Abyss:3  | Received a gift from Okawaru
 14900 | Abyss:3  | HP: 4/80 [hell hound (5)]
 14929 | Abyss:3  | HP: 4/80 [raiju/living lightning (1)]
 14935 | Abyss:3  | Killed from afar by a raiju

Illustrated notes

Levels and vault maps discovered:
D:1:      minmay_arrival_widening_spiral_narrow, layout_rooms, serial_glass,
          glass_columns_b, glass_columns_a, glass_columns_a, glass_columns_b,
          glass_columns_c, glass_columns_b, feat_on_display, st_stairs_11
D:2:      layout_basic
D:3:      layout_basic, mainiacjoe_overflow_six_doors_small
D:4:      minmay_bubble_buster, layout_loops_ring, lemuel_crystal_altar,
          ebering_ghost_rock_garden, serial_shops,
          nicolae_shop_advertising_works [nicolae_subvault_shop_adworks],
          st_stairs_10
D:5:      layout_basic, nicolae_dithmenos_the_darkroom,
          biasface_ghost_orc_armoury, enter_ossuary_4, serial_shops,
          nicolae_stop_n_shop_1, uniq_ijyb
D:6:      layout_cave_pools, fedhas_altar_4, grunt_decor_clamped,
          minmay_misc_feat_pillars, kennysheep_big_empty_room,
          grunt_ministairs_3, patterned_corridor
D:7:      minmay_the_grid_octo_2x2 [minmay_the_grid_octo_clover,
          minmay_the_grid_octo_chip, minmay_the_grid_octo_odd_swirl,
          minmay_the_grid_octo_prize_star], layout_loops_cross,
          nicolae_overflow_hidden_temple, minmay_temple_entry_mini_moons,
          minmay_diced_spiral
D:8:      layout_loops_ring, nicolae_uskayaw_dance_hall,
          mainiacjoe_overflow_paths, serial_ice, serial_ice_a, serial_ice_k,
          serial_ice_e, serial_ice_d, uniq_erica
D:9:      layout_irregular_city, uniq_joseph
D:10:     layout_rooms, tgw_kikubaaqudgha, nemelex_diamond_rough_becter,
          minmay_lair_entry_grove
D:11:     layout_stronghold, fiery_altar_vehumet
D:12:     layout_basic, david_orc_5, uniq_maurice, uniq_snorg, uniq_josephine
Temple:   hellmonk_temple_forest_ring
Lair:1:   layout_cave_pods, gauntlet_entry_generic
Lair:2:   layout_concentric_octagons, enter_volcano_3, uniq_nergalle, uniq_sonja
Abyss:3:  base: D:3, guppyfry_abyss_exit_spiral_guarded,
          nicolae_abyss_rune_star_stuff

Skill      XL: |  1  2  3  4  5  6  7  8  9 10 11 12 13 |
---------------+----------------------------------------+-----
Long Blades    | 2 3 4 5 6 7 8 9 |  9.9
Shields        | 4 5 6 7 8 9 10 11 12 | 12.1
Armour         | 4 5 6 8 9 10 11 | 11.9
Dodging        | 1 2 3 4 5 6 |  6.0
Fighting       | 4 5 6 7 8 |  8.8
Evocations     | 1 2 3 4 5 |  5.9
Invocations    | 3 4 5 |  5.1

Action                   |  1- 3 |  4- 6 |  7- 9 | 10-12 | 13-15 || total
-------------------------+-------+-------+-------+-------+-------++-------
Melee: Long sword        |   101 |    89 |   215 |   163 |       ||   568
       Double sword      |       |       |       |   575 |   132 ||   707
       Scimitar          |       |       |       |       |    10 ||    10
Invok: Heroism           |       |       |       |     5 |     3 ||     8
       Finesse           |       |       |       |     1 |       ||     1
  Use: Scroll            |     4 |     6 |     9 |     9 |     1 ||    29
       Potion            |       |       |     4 |     4 |     3 ||    11
 Stab: Distracted        |       |       |     2 |     4 |       ||     6
Armor: Scale mail        |    51 |    32 |   141 |    27 |       ||   251
       Plate armour      |       |       |       |   422 |   113 ||   535
Dodge: Dodged            |    64 |    25 |   106 |   228 |    90 ||   513
Block: Buckler           |    21 |    16 |    71 |    43 |       ||   151
       Kite shield       |       |       |       |   407 |   107 ||   514

Table legend: (Time is in decaauts)
 A = Elapsed time spent in this place.
 B = Non-inter-level travel time spent in this place.
 C = Inter-level travel time spent in this place.
 D = Time resting spent in this place.
 E = Time spent auto-exploring this place.
 F = Levels seen in this place.
 G = Mean time per level.
                   A        B        C        D        E       F      G
               +--------+--------+--------+--------+--------+-----+--------+
         Total |  15140 |  14414 |    726 |    857 |   9960 |  19 |  796.8 |
       Dungeon |  12376 |  11752 |    624 |    548 |   8285 |  12 | 1031.3 |
        Temple |    183 |    143 |     40 |      0 |    131 |   1 |  183.0 |
          Lair |   1660 |   1598 |     62 |    309 |   1015 |   2 |  830.0 |
         Abyss |    152 |    152 |      0 |      0 |      0 |   2 |   76.0 |
       Ossuary |    382 |    382 |      0 |      0 |    242 |   1 |  382.0 |
      Gauntlet |    383 |    383 |      0 |      0 |    287 |   1 |  383.0 |
               +--------+--------+--------+--------+--------+-----+--------+

Top non-repeatable levels by time:
     D:7: 1895 daAuts
  Lair:1: 1633 daAuts
     D:4: 1373 daAuts
    D:11: 1247 daAuts
    D:10: 1209 daAuts
     D:9: 1188 daAuts
     D:5: 1109 daAuts
     D:1: 1086 daAuts
     D:6: 1064 daAuts
     D:8: 990 daAuts
     D:3: 570 daAuts
     D:2: 470 daAuts
Gauntlet: 383 daAuts
 Ossuary: 382 daAuts
  Temple: 183 daAuts
